 Dungeon Crawl Stone Soup version 0.18.1-50-g88ac8fd (webtiles) character file.

1129897 jazmu the Annihilator (level 27, -14/225 HPs)
             Began as an Octopode Fire Elementalist on Sept 20, 2016.
             Was the Champion of Vehumet.
             Blown up by Hecaeq (104 damage)
             ... with an orb of destruction
             ... in Pandemonium on Oct 14, 2016.
             The game lasted 14:21:31 (143813 turns).

jazmu the Annihilator (OpFE)                      Turns: 143813, Time: 14:21:32

Health: -14/225    AC: -1    Str: 11    XL:     27
Magic:  60/105     EV: 26    Int: 38    God:    Vehumet [******]
Gold:   10894      SH: 13    Dex: 13    Spells: 12 memorised, 17 levels left

rFire  + + .     SeeInvis +     g - staff of power {MP+17, !a}
rCold  + + .     Gourm    .     w - +1 shield {rC+}
rNeg   + + +     Faith    .     p - -2 hat of the Alchemist {rElec rPois rF+ rC+ rN+ MR+ rMut rCorr}
rPois  +         Spirit   .     h - amulet of magic regeneration
rElec  +         Dismiss  .     s - ring of magical power {MP+9}
rCorr  +         Reflect  .     r - ring of Reivosh {MR++ MP+9 Str+3 Dex-4 SInv}
rMut   +         Harm     .     T - ring of magical power {MP+9}
SustAt .                        q - ring "Xuath" {rCorr Int+4}
MR     +++++                    B - ring of protection from fire {rF+, !d}
Stlth  +.........               V - ring of magical power {MP+9}
                                y - ring "Zoahiot" {Wiz rPois rN+ MR+ Dex+4 Stlth-}
                                t - ring of Gila Mue {rN+ Int+7 Stlth-}

@: very slightly contaminated, deflect missiles, almost entirely resistant to
hostile enchantments, very unstealthy
A: almost no armour, amphibious, 8 rings, constrict 8, camouflage 1, dopey 1,
robust 1, gelatinous body 1
a: Renounce Religion
}: 9/15 runes: barnacled, slimy, silver, obsidian, icy, bone, demonic, dark,
gossamer


You were in Pandemonium.
You worshipped Vehumet.
Vehumet was exalted by your worship.
You were not hungry.

You visited 17 branches of the dungeon, and saw 83 of its levels.
You visited Pandemonium 2 times, and saw 12 of its levels.
You visited 1 ziggurat, and saw 20 of its levels.
You also visited: Ossuary, Ice Cave and Volcano.

You collected 14593 gold pieces.
You spent 3699 gold pieces at shops.

Inventory:

Armour
 d - a +1 large shield of protection
   (You took it off a warmonger in Pandemonium)
 p - the -2 hat of the Alchemist (worn) {rElec rPois rF+ rC+ rN+ MR+ rMut rCorr}
   (You found it on level 18 of a ziggurat)

   It protects you from fire.
   It protects you from cold.
   It insulates you from electricity.
   It protects you from poison.
   It protects you from negative energy.
   It affects your resistance to hostile enchantments.
   It protects you from acid and corrosion.
   It protects you from mutation.
 w - a +1 shield of cold resistance (worn)
   (You found it on level 12 of a ziggurat)
Magical Staves
 e - an uncursed staff of energy {@w1+MP, hungerless spells, !d!a}
   (You found it on level 14 of a ziggurat)
 g - an uncursed staff of power (weapon) {MP+17, !a}
   (You found it on level 3 of the Elven Halls)
 i - an uncursed staff of fire {rF+}
   (You found it on level 7 of Tartarus)
Jewellery
 h - an amulet of magic regeneration (around mantle)
   (You found it on level 11 of a ziggurat)
 k - a cursed amulet of inaccuracy {unknown}
   (You found it in Pandemonium)
 q - the ring "Xuath" (on tentacle) {rCorr Int+4}
   (You bought it in a shop on level 8 of the Dungeon)

   [ring of resist corrosion]

   It affects your intelligence (+4).
 r - the ring of Reivosh (right tentacle) {MR++ MP+9 Str+3 Dex-4 SInv}
   (You found it on level 14 of a ziggurat)

   [ring of strength]

   It affects your strength (+3).
   It affects your dexterity (-4).
   It affects your resistance to hostile enchantments.
   It affects your magic capacity (+9).
   It lets you see invisible.
 s - a ring of magical power (left tentacle) {MP+9}
   (You found it on level 1 of the Lair of Beasts)
 t - the ring of Gila Mue (on tentacle) {rN+ Int+7 Stlth-}
   (You found it on level 14 of a ziggurat)

   [ring of loudness]

   It affects your intelligence (+7).
   It protects you from negative energy.
   It makes you less stealthy.
 v - the amulet of Zued {Reflect rN+ SH+4}
   (You found it on level 2 of a ziggurat)

   [amulet of reflection]

   It shields you and reflects attacks.
   It protects you from negative energy.
   It affects your SH (+4).
 y - the ring "Zoahiot" (on tentacle) {Wiz rPois rN+ MR+ Dex+4 Stlth-}
   (You acquired it on level 4 of the Shoals)

   [ring of wizardry]

   It improves your spell success rate.
   It affects your dexterity (+4).
   It protects you from poison.
   It protects you from negative energy.
   It affects your resistance to hostile enchantments.
   It makes you less stealthy.
 B - a ring of protection from fire (on tentacle) {rF+, !d}
   (You found it on level 8 of the Lair of Beasts)
 C - a ring of the Octopus King {AC+1 EV+1 Str+1 Int+1 Dex+1 Stlth+}
   (You found it on level 18 of a ziggurat)

   [ring of stealth]

   It affects your AC (+1).
   It affects your evasion (+1).
   It affects your strength (+1).
   It affects your intelligence (+1).
   It affects your dexterity (+1).
   It makes you more stealthy.
 D - an uncursed amulet of regeneration {+regen, !d}
   (You found it in Pandemonium)
 G - an uncursed ring of protection from cold {rC+, !d}
   (You bought it in a shop on level 1 of the Shoals)
 H - the ring of Dodonug {+Blink +Inv Str-4 Int+3 Dex+2}
   (You found it in Pandemonium)

   [ring of strength]

   It affects your strength (-4).
   It affects your intelligence (+3).
   It affects your dexterity (+2).
   It lets you turn invisible.
   It lets you blink.
 L - an uncursed amulet of the gourmand {Gourm, !d}
   (You found it on level 2 of the Lair of Beasts)
 M - an uncursed ring of flight {+Fly, !d}
   (You found it on level 5 of the Lair of Beasts)
 S - an uncursed ring of protection from cold {rC+, !d}
   (You found it in Pandemonium)
 T - a ring of magical power (on tentacle) {MP+9}
   (You found it on level 7 of the Lair of Beasts)
 V - a ring of magical power (on tentacle) {MP+9}
   (You found it on level 3 of the Realm of Zot)
Wands
 z - a wand of heal wounds (2/9)
   (You found it on level 3 of the Crypt)
 F - a wand of digging (11/24)
   (You found it on level 1 of the Spider Nest)
 K - a wand of hasting (4/9)
   (You took it off a vault sentinel on level 2 of the Vaults)
 O - a wand of teleportation (1/9)
   (You found it on level 12 of the Dungeon)
 R - a wand of disintegration (2/24)
   (You found it on level 1 of a ziggurat)
Scrolls
 c - 20 scrolls of remove curse
 f - 18 scrolls of identify
 j - 9 scrolls of fear
 l - 3 scrolls of magic mapping {!r}
 x - 19 scrolls of recharging
 I - 37 scrolls of teleportation
 Q - 4 scrolls of summoning
 W - 16 scrolls of fog
 Y - a scroll of holy word {!r}
Potions
 a - 9 potions of brilliance
 n - 11 potions of heal wounds
 A - 5 potions of magic
 J - 4 potions of agility
 N - 3 potions of resistance
 P - 7 potions of cure mutation {!q}
 U - 11 potions of curing
Miscellaneous
 m - a crystal ball of energy
   (You found it on level 5 of the Vaults)
 u - a legendary deck of summoning {drawn: 5}
   (You found it on level 10 of a ziggurat)
Comestibles
 b - 13 meat rations {@e2}
 E - a beef jerky


   Skills:
 + Level 21.0 Fighting
 - Level 23.3 Dodging
 - Level 2.6 Stealth
 - Level 13.2 Shields
 O Level 27 Spellcasting
 O Level 27 Conjurations
 - Level 7.5 Charms
 O Level 27 Fire Magic
 + Level 22.1 Ice Magic
 - Level 12.4 Air Magic
 - Level 20.2 Evocations


You had 17 spell levels left.
You knew the following spells:

 Your Spells              Type           Power        Failure   Level  Hunger
a - Flame Tongue          Conj/Fire      #####        0%          1    None
b - Bolt of Cold          Conj/Ice       ########..   0%          6    None
c - Conjure Flame         Conj/Fire      ########     0%          3    None
d - Deflect Missiles      Chrm/Air       #######...   1%          6    None
e - Iron Shot             Conj/Erth      ########..   1%          6    None
f - Fireball              Conj/Fire      ########..   0%          5    None
g - Fire Storm            Conj/Fire      ########..   1%          9    None
h - Glaciate              Conj/Ice       ########..   1%          9    None
i - Haste                 Chrm           #######.     1%          6    None
r - Regeneration          Chrm/Necr      ######....   1%          3    None
s - Sticky Flame          Conj/Fire      ########     0%          4    None
z - Iskenderun's Battles  Conj/Chrm      ########     0%          5    None


Dungeon Overview and Level Annotations

Branches:
Dungeon (15/15)            Temple (1/1) D:7            Lair (8/8) D:9
 Shoals (4/4) Lair:3       Spider (4/4) Lair:4        Slime (6/6) Lair:8
    Orc (2/2) D:12            Elf (3/3) Orc:2        Vaults (5/5) D:13
  Crypt (3/3) Vaults:2       Tomb (1/3) Crypt:3      Depths (5/5) D:15
   Hell (1/1)                 Dis (0/7) Hell            Geh (7/7) Hell
    Coc (7/7) Hell            Tar (7/7) Hell            Zot (5/5) Depths:5

Altars:
Ashenzari
Cheibriados
Dithmenos
Elyvilon
Fedhas
Gozag
Kikubaaqudgha
Makhleb
Nemelex Xobeh
Okawaru
Pakellas
Qazlal
Ru
Sif Muna
Trog
Vehumet
Xom
Yredelemnul
Zin
The Shining One
Beogh

Shops:
D:6 }   D:8 =   Orc:2 [(?[(!:!   Elf:1 (   Elf:2 (   Shoals:1 *   Shoals:4 [
Vaults:2 ([   Vaults:3 *

Portals:
Hell: Depths:1 Depths:2 Depths:3 Depths:4 Depths:5
Abyss: Depths:4
Pandemonium: Depths:3

Annotations:
Zot:5 1 exclusion


Innate Abilities, Weirdness & Mutations

You cannot wear most types of armour.
You are amphibious.
You can wear up to eight rings at the same time.
You can use your tentacles to constrict eight enemies at once.
Your skin changes colour to match your surroundings (Stealth).
Your rubbery body absorbs attacks (AC +1).
You are dopey. (Int -2)
You are robust (+10% HP).


Message History

The great icy blast engulfs the ufetubus.
The ufetubus partially resists.
You kill the ufetubus!
The great icy blast engulfs your fire vortex.
Your fire vortex is frozen!
You hear a shout!
Something rumbles, "Accept thy doom, thou pandering common-kissing frater!"
You hear a shout!
The ufetubus disappears in a puff of smoke!
A hellion comes into view.
You now have 93/105 mp.
Aim: a hellion You conjure a mighty blast of ice!
The great icy blast engulfs the hellion.
The hellion is frozen!
The hellion is frozen into a solid block of ice!
You kill the hellion!
Vehumet accepts your kill.
You feel your power returning.
You now have 86/105 mp.
A chaos spawn comes into view.
You see here an arbalest.
A hellion comes into view.
The hellion gestures at you.
The damnation unfurls!
The damnation engulfs you!
You take 27 damage, and have 197/224 hp.
You see here an arbalest.
Aim: a chaos spawn You conjure a mighty blast of ice!
The great icy blast engulfs the chaos spawn.
You kill the chaos spawn!
Vehumet accepts your kill.
You feel your power returning.
The chaos spawn degenerates into a cloud of primal chaos!
The great icy blast engulfs the hellion.
The hellion is frozen!
The hellion is frozen into a solid block of ice!
You kill the hellion!
Vehumet accepts your kill.
You now have 81/105 mp.
The neqoxec shaped block of ice melts away.
The ynoxinul shaped block of ice melts away.
The hellion shaped block of ice melts away.
The hellion shaped block of ice melts away.
Hecaeq comes into view.
Hecaeq roars, "Away with thee whilst life thou hast!"
Unknown command.
Aim: Hecaeq (freezing vapour)
You conjure a mighty blast of ice!
The great icy blast engulfs Hecaeq.
Hecaeq is flash-frozen.
You hear a shout!
Hecaeq gestures.
The dungeon shakes, a horrible noise fills the air, and a portal to some otherworldly place is opened!
You now have 84/105 mp.
Aim: Hecaeq (freezing vapour, lightly wounded, encased in ice)
You conjure a mighty blast of ice!
The great icy blast engulfs Hecaeq.
You now have 76/105 mp.
Aim: Hecaeq (freezing vapour, heavily wounded, encased in ice)
You conjure a mighty blast of ice!
The great icy blast engulfs Hecaeq.
Hecaeq conjures a glowing orb.
An orb of destruction comes into view.
You now have 68/105 mp.
Aim: Hecaeq (freezing vapour, almost dead, encased in ice)
You conjure a mighty blast of ice!
The great icy blast engulfs Hecaeq.
An eldritch tentacle comes into view.
You now have 60/105 mp.
You block the orb of destruction.
The orb of destruction dissipates.
You block the eldritch tentacle's attack. x2
Hecaeq conjures an orb of pure magic.
An orb of destruction comes into view.
You block the eldritch tentacle's attack.
The eldritch tentacle completely misses you.
Hecaeq conjures an orb of pure magic.
An orb of destruction comes into view.
You conjure a mighty blast of ice!
The great icy blast engulfs the eldritch tentacle.
The eldritch tentacle partially resists.
The eldritch tentacle is flash-frozen.
The great icy blast engulfs Hecaeq.
You kill Hecaeq!
Vehumet accepts your kill.
You feel your power returning.
Your Fighting skill increases to level 21!
The orb of destruction hits you!
You block the eldritch tentacle's attack.
The eldritch tentacle claws you!!
You are engulfed in flames!
You resist.
You take 136 damage, and have 71/225 hp.
MASSIVE DAMAGE!!
You now have 58/105 mp.
Unknown command.
Read which item? (? for menu, Esc to quit)
Really read
o - a scroll of blinking {!r}?
Blink to where?
You are very lightly contaminated with residual magic.
As you read the scroll of blinking {!r}, it crumbles to dust.
Read which item? (? for menu, Esc to quit)
Okay, then.
You feel much better.
This wand has 2 charges left.
You regained 17 hp, and now have 89/225 hp.
The orb of destruction hits you!
You die...

#... #..( #...
#..# #..##..#
#..##..# .
#..##..# ..
#..##..###...
######§@##......
#.....§.##....
#...∩.§.##..#
######..##).#
#..§§§§# .
#.§§§§§###...#
#.*§§§§§§§..§#
#[w§#§§###§.§#
#.§§#§§# #§§§###


You could see an eldritch tentacle.

Vanquished Creatures
  Antaeus (Coc:7)
  the Royal Jelly (Slime:6)
  Asmodeus (Geh:7)
  Ereshkigal (Tar:7)
  Gloorx Vloq (Pan)
  11 ancient liches
  3 orbs of fire
  The ghost of Britaniac the Ruinous, a legendary GrEE of the Shining One (Pan)
  Mara (Depths:1)
  A juggernaut (Zig:8)
  The ghost of KarmaPolice the Merfolkian Porcupine, a legendary MfGl of Qazlal (Geh:7)
  Sojobo (Vaults:3)
  7 shard shrikes
  Boris (Depths:3)
  Saint Roka (Vaults:1)
  Margery (Vaults:2)
  Norris (Elf:2)
  2 Killer Klowns
  Geryon (Hell)
  4 curse toes
  A caustic shrike (Depths:3)
  The ghost of HolyRage the Wrestler, an adept TrMo of Ru (Depths:2)
  A profane servitor (Crypt:3)
  15 golden dragons
  Arachne (Spider:3)
  3 doom hounds
  10 bone dragons
  2 iron giants (Depths:2)
  14 Tzitzimimeh
  7 electric golems
  Jorgrun (Spider:4)
  25 Brimstone Fiends
  11 pandemonium lords
  2 Orb Guardians (Zot:5)
  3 Hell Sentinels (Pan)
  Asterion (Spider:4)
  14 Ice Fiends
  19 tentacled monstrosities
  Rupert (D:15)
  2 deep elf blademasters
  4 titans
  23 acid blobs
  15 liches
  A kraken (Shoals:4)
  8 death cobs
  2 quicksilver dragons
  Murray (Hell)
  7 deep elf master archers
  Agnes (Spider:4)
  5 ancient champions
  25 Executioners (Pan)
  Frances (D:14)
  7 shadow dragons
  4 sphinxes
  2 thorn hunters (Zig:20)
  Polyphemus (Shoals:2)
  The ghost of attackplan the Executioner, an adept HOFi of Cheibriados (D:13)
  5 draconian monks
  14 storm dragons
  4 revenants
  Ilsuiw (Shoals:4)
  14 azure jellies
  Wiglaf (Elf:3)
  A greater naga (Zig:5)
  8 tengu reavers
  17 fire giants
  6 ghost moths
  Donald (Elf:1)
  10 frost giants
  17 vault wardens
  7 draconian knights
  4 draconian scorchers
  A ghost moth (shapeshifter) (Vaults:5)
  2 iron dragons
  9 deep elf sorcerers
  13 balrugs
  16 cacodemons (Pan)
  An angel (Pan)
  A caustic shrike zombie (Depths:3)
  9 draconian shifters
  6 warmongers (Pan)
  4 orc warlords
  27 ghouls
  7 draconian zealots
  4 deep elf elementalists
  8 curse skulls
  A spriggan defender (Depths:4)
  6 black suns (Pan)
  7 emperor scorpions
  10 draconian annihilators
  5 war gargoyles
  15 very ugly things
  11 ironheart preservers
  34 reapers
  The ghost of Thomus the Sorcerer, a journeyman DECj of Vehumet (D:13)
  3 draconian callers
  7 elemental wellsprings
  11 vampire knights
  2 blood saints (Pan)
  21 stone giants
  13 salamander stormcallers
  7 green draconians
  A dire elephant (Zig:10)
  3 corrupters (Pan)
  16 deep elf annihilators
  8 black draconians
  7 mottled draconians
  7 chaos champions (Pan)
  12 deep elf demonologists
  16 purple draconians
  14 lorocyprocas
  9 white draconians
  9 yellow draconians
  7 merfolk javelineers
  9 red draconians
  17 eidola
  12 ettins
  30 blizzard demons
  10 spark wasps
  36 vault guards
  11 death oozes
  4 quicksilver dragon zombies
  16 deep elf high priests
  17 fire dragons
  15 deep elf death magi
  Erolcha (D:8)
  16 great orbs of eyes
  18 green deaths
  9 jiangshi
  15 yaktaur captains
  7 merfolk impalers
  6 mummy priests
  Fannar (D:10)
  A kraken zombie (Coc:1)
  3 rakshasas
  A hydra (shapeshifter) (Zig:14)
  7 spriggan air magi
  30 ice dragons
  2 quicksilver dragon skeletons
  4 ghost crabs
  20 hydras
  13 entropy weavers
  3 hell beasts
  9 centaur warriors
  A catoblepas (Shoals:3)
  10 monstrous demonspawn
  9 death knights
  6 merfolk avatars
  15 merfolk aquamancers
  23 hell hogs
  An alligator snapping turtle (Shoals:4)
  48 dancing weapons
  4 alligators (Zig:20)
  5 deep troll earth magi
  A deep troll shaman (Depths:1)
  17 vampire magi
  2 titan zombies
  28 large abominations (Pan)
  A queen ant (Lair:8)
  Urug (Lair:3)
  7 tengu warriors
  A naga sharpshooter (Zig:5)
  2 satyrs
  7 storm dragon zombies
  5 orc high priests
  3 shock serpents (Zig:15)
  19 ogre magi
  6 death yaks
  6 holy swine (Pan)
  2 spriggan berserkers (Depths:4)
  Sonja (D:14)
  27 soul eaters
  36 sun demons
  2 fire crabs
  3 iron golems
  33 deep elf knights
  6 titan skeletons
  An iron troll (Depths:1)
  4 storm dragon skeletons
  5 death drakes
  4 golden dragon zombies
  36 hell knights
  A fire crab (shapeshifter) (Elf:2)
  12 shadow wraiths
  90 skeletal warriors
  2 salamander mystics
  An unseen horror (shapeshifter) (Vaults:2)
  13 anaconda zombies
  6 deep trolls
  6 unseen horrors
  5 wizards
  A spriggan druid (Zig:20)
  18 flayed ghosts
  A ghost moth zombie (Geh:7)
  13 gelid demonspawn (Pan)
  8 sea snakes
  A kraken simulacrum (Hell)
  13 shadow demons
  3 torturous demonspawn (Pan)
  13 swamp dragons
  4 giant orange brains
  7 infernal demonspawn (Pan)
  6 iron dragon zombies
  A giant orange brain (shapeshifter) (Vaults:5)
  An orange crystal statue (Zig:3)
  5 anaconda skeletons
  5 golden dragon skeletons
  4 wolf spider zombies
  24 ironbrand convokers
  9 orc knights
  2 shadow dragon zombies
  33 deep elf archers
  9 hill giants
  37 phantasmal warriors
  11 putrid demonspawn (Pan)
  25 harpies
  46 ugly things
  6 fire giant zombies
  3 lindwurms (Depths:2)
  19 orb spiders
  26 necromancers
  A glowing shapeshifter (Depths:4)
  3 orb spiders (shapeshifter)
  A mana viper (Zig:5)
  9 hornets
  2 shadow dragon skeletons
  10 manticores
  9 orc sorcerers
  21 griffons
  2 cyclopes (shapeshifter)
  4 oklob plants
  7 fauns
  2 shining eyes (shapeshifter)
  28 wolf spiders
  11 cyclopes
  99 deep elf magi
  2 mana vipers (shapeshifter)
  9 shining eyes
  9 frost giant zombies
  A hornet (shapeshifter) (Vaults:5)
  A manticore (shapeshifter) (Vaults:1)
  5 elephants
  2 shock serpent zombies
  4 stone giant zombies
  4 iron dragon skeletons
  23 moths of wrath
  12 salamanders
  12 sirens
  27 sixfirhies
  A guardian serpent (shapeshifter) (Elf:1)
  A sphinx skeleton (Crypt:2)
  3 eyes of devastation (Slime:4)
  16 vault sentinels
  2 stone giant skeletons
  A black mamba (shapeshifter) (Vaults:4)
  A frost giant skeleton (Pan)
  3 dire elephant zombies
  12 molten gargoyles (Geh:7)
  22 spiny frogs
  A torpor snail (shapeshifter) (Vaults:5)
  11 black mambas
  2 naga magi
  6 torpor snails
  9 water nymphs
  A titan simulacrum (Depths:4)
  2 guardian serpents (Zig:5)
  5 centaur skeletons
  11 rust devils
  39 smoke demons (Pan)
  A spiny frog (shapeshifter) (Vaults:5)
  3 fire giant skeletons
  A yellow draconian zombie (Crypt:1)
  3 ice statues
  30 hellions
  70 yaktaurs
  A rime drake (shapeshifter) (Zig:17)
  2 kobold demonologists
  2 emperor scorpion zombies
  13 orange demons (Pan)
  8 komodo dragons
  2 anaconda simulacra
  8 efreet
  44 freezing wraiths
  A red draconian zombie (Crypt:2)
  5 rime drakes
  5 guardian mummies
  A small abomination (Elf:3)
  A catoblepas zombie (Geh:2)
  28 ice devils
  7 hellwings
  34 demonic crawlers
  29 tormentors
  8 trolls
  5 hydra zombies
  A catoblepas skeleton (Coc:7)
  A jumping spider (shapeshifter) (Vaults:5)
  A silent spectre (Tar:2)
  2 human skeletons
  A polar bear (shapeshifter) (Depths:2)
  3 merfolk (shapeshifter)
  2 giant leeches
  40 jumping spiders
  24 red devils
  5 tengu conjurers
  28 merfolk
  10 polar bears
  A wolf spider simulacrum (D:15)
  5 harpy zombies
  A harpy skeleton (Crypt:1)
  5 hydra skeletons
  8 raiju
  38 two-headed ogres
  12 boulder beetles
  19 bog bodies
  A guardian serpent zombie (Crypt:2)
  2 ushabtiu
  5 ice dragon zombies
  A blink frog (shapeshifter) (Vaults:1)
  4 alligator zombies
  2 frost giant simulacra
  183 slime creatures
  2 griffon zombies (Crypt:1)
  An iron dragon simulacrum (Crypt:1)
  39 blink frogs
  8 ettin zombies
  9 snapping turtles
  4 fire dragon zombies
  17 air elementals
  111 redbacks
  40 tarantellas
  A centaur simulacrum (D:15)
  A fire dragon skeleton (Tar:4)
  An ice dragon skeleton (Geh:2)
  2 spriggan skeletons
  A tarantella (shapeshifter) (Zig:14)
  7 wyverns
  69 flying skulls
  A redback (shapeshifter) (Vaults:5)
  3 ettin skeletons
  17 shadows
  37 wraiths
  A vampire (D:10)
  32 ynoxinuls
  11 spriggans
  5 elf zombies
  40 water elementals
  A hippogriff (shapeshifter) (Vaults:2)
  20 fire elementals
  7 basilisks
  2 black mamba skeletons
  30 chaos spawn
  14 neqoxecs (Pan)
  73 yaks
  20 hippogriffs
  14 golden eyes
  A hog (shapeshifter) (Vaults:5)
  2 hungry ghosts
  10 wargs
  2 swamp worms (Depths:4)
  A naga (Zig:5)
  22 vampire mosquitoes
  6 insubstantial wisps (Zig:15)
  5 mottled dragons
  3 hydra simulacra
  22 soldier ants
  A soldier ant (shapeshifter) (Vaults:5)
  5 spiny frog zombies
  A water moccasin (shapeshifter) (Vaults:2)
  19 water moccasins
  61 hell hounds
  A merfolk skeleton (Geh:7)
  A water nymph skeleton (Crypt:2)
  2 giant eyeballs
  14 porcupines
  56 orc warriors
  8 ice beasts
  4 sky beasts
  3 spiny frog skeletons
  9 swamp drakes
  A sky beast (shapeshifter) (Vaults:2)
  2 swamp dragon zombies
  An ice beast (shapeshifter) (Depths:3)
  13 black bears
  A black bear (shapeshifter) (Depths:3)
  3 snapping turtle zombies
  An ettin simulacrum (Vaults:4)
  81 ogres
  6 wasps
  2 alligator simulacra (Hell)
  8 phantoms
  35 necrophages
  An eye of draining (shapeshifter) (Vaults:2)
  2 elf skeletons (Vaults:4)
  19 boggarts
  33 centaurs
  12 eyes of draining
  5 snapping turtle skeletons
  14 wolves
  24 crocodiles
  3 manticore skeletons
  3 big kobolds
  24 giant frogs
  A yaktaur zombie (Vaults:1)
  2 glowing shapeshifter simulacra
  7 earth elementals
  A yaktaur skeleton (Vaults:1)
  A hell hound skeleton (Crypt:2)
  A spiny frog simulacrum (Coc:4)
  5 wyvern skeletons
  9 scorpions
  An elf simulacrum (Vaults:4)
  A troll skeleton (Geh:7)
  A howler monkey (shapeshifter) (Vaults:2)
  48 wights
  5 electric eels
  2 howler monkeys
  17 crimson imps
  12 centaur zombies
  A wyvern simulacrum (D:14)
  2 giant frog skeletons
  19 hounds
  27 orc priests
  55 jellies
  27 orc wizards
  2 gnoll shamans
  Crazy Yiuf (D:6)
  4 iron imps (Depths:3)
  30 worker ants
  A worker ant (shapeshifter) (Vaults:1)
  15 iguanas
  6 hell rats (Hell)
  A lightning spire (Zig:18)
  62 sheep
  A naga skeleton (Geh:2)
  3 big kobold zombies (Ossuary)
  A hound zombie (D:6)
  A hound skeleton (D:5)
  8 mummies
  2 worker ant zombies
  10 gnolls
  13 adders
  33 river rats
  12 shadow imps
  20 white imps
  10 oozes (Lair:5)
  A sheep zombie (Crypt:1)
  An adder skeleton (D:9)
  2 worms
  3 dart slugs
  7 giant geckos
  127 orcs
  5 ball pythons
  6 bats
  6 giant cockroaches
  15 goblins
  9 hobgoblins
  12 jackals
  23 kobolds
  7 quokkas
  A giant cockroach zombie (D:5)
  A giant gecko skeleton (D:8)
  6 giant newts
  A hobgoblin zombie (Ossuary)
  A kobold skeleton (Geh:3)
  An orc skeleton (Tar:4)
  An orc zombie (Crypt:2)
  A quokka skeleton (D:4)
  A quokka zombie (D:8)
  5 rats
  A rat zombie (D:8)
  28 blocks of ice
  8 briar patches (Zig:20)
  7 bushes
  5 crawling corpses
  177 fire vortices
  8 fungi
  6 lost souls
  19 plants
  3 tentacles
  6 tentacle segments
  9 withered plants (Crypt:3)
5367 creatures vanquished.

Vanquished Creatures (collateral kills)
  An ancient lich (Tar:7)
  A juggernaut (Zig:8)
  Nikola (Spider:2)
  An electric golem (Zig:15)
  2 Ice Fiends
  2 tentacled monstrosities
  2 liches
  A titan (Vaults:5)
  4 acid blobs
  A deep elf master archer (Zig:9)
  A deep elf blademaster (Elf:3)
  2 sphinxes
  An ancient champion (Zig:18)
  A tengu reaver (Depths:3)
  A shadow dragon (Zot:1)
  Roxanne (Elf:1)
  2 draconian monks
  2 azure jellies
  A draconian knight (Depths:2)
  An iron dragon (Depths:2)
  A deep elf sorcerer (Elf:3)
  2 vault wardens (Zig:14)
  An emperor scorpion (Spider:4)
  2 draconian annihilators
  An angel (Depths:1)
  2 draconian shifters
  A deep elf elementalist (Elf:3)
  A cacodemon (Pan)
  A reaper (Tar:7)
  A draconian caller (Zot:1)
  A vampire knight (Zig:12)
  An ironheart preserver (Zig:14)
  A stone giant (Depths:2)
  2 very ugly things
  A black draconian (Zot:5)
  A corrupter (Pan)
  A chaos champion (Pan)
  A purple draconian (Zot:1)
  A white draconian (Zot:4)
  A yellow draconian (Depths:5)
  A red draconian (Zot:3)
  A mottled draconian (Zot:3)
  A green death (Zig:20)
  A vault guard (Vaults:4)
  A quicksilver dragon zombie (Coc:7)
  A death ooze (Slime:2)
  A fire dragon (Depths:5)
  2 entropy weavers (Spider:3)
  A kraken zombie (Coc:4)
  A great orb of eyes (Zig:14)
  An ice dragon (Zot:2)
  A catoblepas (Zig:10)
  2 small abominations (Elf:3)
  2 titan skeletons
  An iron troll (Zig:4)
  A skeletal warrior (Tar:7)
  2 storm dragon skeletons
  An orc knight (Zig:14)
  An ironbrand convoker (Vaults:5)
  A necromancer (Depths:5)
  A phantasmal warrior (Zig:18)
  An infernal demonspawn (Pan)
  An orb spider (Spider:2)
  A griffon (shapeshifter) (Zig:14)
  A shadow dragon skeleton (Tar:7)
  A manticore (Zig:3)
  A shining eye (Slime:1)
  2 moths of wrath (Zot:3)
  A stone giant zombie (Geh:1)
  An iron dragon zombie (Coc:7)
  A frost giant skeleton (Depths:4)
  A fire giant skeleton (Coc:7)
  An orange demon (Pan)
  6 demonic crawlers
  A hydra zombie (Coc:6)
  A jumping spider (Spider:3)
  A hydra skeleton (Coc:4)
  5 slime creatures
  A bog body (Zig:20)
  An air elemental (Zig:15)
  8 redbacks
  A water elemental (Zig:16)
  2 tarantellas (Spider:4)
  2 shadows
  A neqoxec (Pan)
  A warg (Elf:3)
  A swamp drake (Zig:20)
  2 ogres
  2 black bears (Lair:8)
  A wolf (Lair:8)
  2 snapping turtle skeletons
  A scorpion (D:8)
  2 wights (Geh:2)
  An electric eel (Spider:4)
  9 jellies
  An orc priest (D:8)
  3 shadow imps
  An adder skeleton (D:8)
  An orc (Elf:3)
  A block of ice (Geh:7)
  7 crawling corpses
157 creatures vanquished.

Vanquished Creatures (others)
  A stone giant (Vaults:5)
  A jiangshi (Crypt:1)
  A yaktaur captain (Vaults:5)
  A deep elf knight (Elf:2)
  A necromancer (Geh:7)
  A water nymph (Shoals:4)
  A redback (Vaults:4)
  263 blocks of ice
  A briar patch (Zig:20)
  A bush (Lair:5)
  4 eldritch tentacle segments (Pan)
  1432 fire vortices
  57 fungi
  4 lost souls
  70 plants
  28 tentacles
  169 tentacle segments
  12 withered plants (Crypt:3)
2048 creatures vanquished.

Grand Total: 7572 creatures vanquished

Notes
Turn   | Place    | Note
--------------------------------------------------------------
     0 | D:1      | jazmu the Octopode Fire Elementalist began the quest for the Orb.
     0 | D:1      | Reached XP level 1. HP: 11/11 MP: 3/3
   111 | D:2      | Reached XP level 2. HP: 6/17 MP: 0/5
   806 | D:1      | Reached skill level 4 in Fire Magic
   851 | D:1      | Reached XP level 3. HP: 21/21 MP: 4/6
  1646 | D:2      | Reached skill level 2 in Conjurations
  2038 | D:2      | Reached XP level 4. HP: 24/27 MP: 0/7
  2107 | D:2      | Learned a level 3 spell: Conjure Flame
  2433 | D:3      | Found a radiant altar of Vehumet.
  2441 | D:3      | Became a worshipper of Vehumet
  2452 | D:3      | Found a basalt altar of Yredelemnul.
  2574 | D:3      | Reached skill level 3 in Spellcasting
  2574 | D:3      | Reached skill level 3 in Conjurations
  2574 | D:3      | Reached XP level 5. HP: 31/31 MP: 4/9
  3167 | D:3      | Found a glowing silver altar of Zin.
  3175 | D:3      | Found a glowing golden altar of the Shining One.
  3189 | D:3      | Found a faded altar to an unknown god.
  3246 | D:3      | Reached XP level 6. HP: 18/36 MP: 4/11
  3596 | D:3      | Reached * piety under Vehumet
  3596 | D:3      | Offered knowledge of Freeze by Vehumet.
  3911 | D:4      | Reached skill level 4 in Spellcasting
  3911 | D:4      | Reached skill level 4 in Conjurations
  4305 | D:4      | Learned a level 4 spell: Sticky Flame
  4484 | D:5      | Entered Level 5 of the Dungeon
  4524 | D:4      | Reached XP level 7. HP: 41/41 MP: 10/13
  4677 | D:5      | Found a glowing golden altar of the Shining One.
  4740 | D:5      | HP: 9/41 [something/puff of flame (8)]
  4800 | D:5      | HP: 9/41 [orc wizard/dagger (6)]
  4802 | D:5      | HP: 3/41 [orc wizard/dagger (3)]
  4931 | D:5      | Reached skill level 5 in Conjurations
  5190 | D:5      | Reached skill level 5 in Spellcasting
  5946 | D:5      | Reached XP level 8. HP: 45/46 MP: 11/16
  5994 | D:5      | Reached skill level 6 in Conjurations
  6017 | D:5      | Offered knowledge of Sting by Vehumet.
  6136 | D:5      | Reached ** piety under Vehumet
  6548 | D:6      | Reached skill level 6 in Spellcasting
  6767 | D:6      | Noticed Crazy Yiuf
  6776 | D:6      | Killed Crazy Yiuf
  6913 | D:6      | Reached skill level 1 in Shields
  6974 | D:6      | Found Maig's Quality Used Wands.
  7114 | D:6      | Reached skill level 2 in Shields
  8110 | D:7      | Offered knowledge of Ignite Poison by Vehumet.
  8110 | D:7      | Reached skill level 3 in Shields
  8110 | D:7      | Reached skill level 7 in Conjurations
  8203 | D:7      | Reached XP level 9. HP: 51/51 MP: 14/19
  8224 | D:7      | Reached skill level 4 in Shields
  8224 | D:7      | Reached skill level 7 in Spellcasting
  9235 | D:7      | Found a staircase to the Ecumenical Temple.
  9485 | D:7      | Reached skill level 5 in Fire Magic
  9566 | D:7      | Found a blossoming altar of Fedhas.
  9797 | D:7      | Reached *** piety under Vehumet
  9846 | D:8      | Noticed Erolcha
  9966 | D:8      | Found a sand-covered staircase.
 10016 | Ossuary  | Entered an ossuary
 10028 | Ossuary  | Reached skill level 6 in Fire Magic
 10895 | D:8      | Found Jihyvvus's Jewellery Boutique.
 11010 | D:8      | Reached skill level 7 in Fire Magic
 11123 | D:9      | Offered knowledge of Static Discharge by Vehumet.
 11233 | D:9      | Found an oddly glowing altar of Pakellas.
 11277 | D:9      | Reached XP level 10. HP: 56/56 MP: 15/20
 11384 | D:9      | Learned a level 5 spell: Fireball
 11418 | D:9      | Reached skill level 8 in Fire Magic
 12136 | D:9      | Noticed an elephant
 12312 | D:9      | Reached skill level 5 in Shields
 12480 | D:9      | Found a staircase to the Lair.
 12660 | D:9      | Reached skill level 3 in Dodging
 12978 | D:9      | Killed an elephant
 13107 | D:9      | Reached **** piety under Vehumet
 13115 | Lair:1   | Entered Level 1 of the Lair of Beasts
 13120 | Lair:1   | Reached skill level 9 in Fire Magic
 13346 | Lair:1   | Noticed a spiny frog
 13386 | Lair:1   | Killed a spiny frog
 13386 | Lair:1   | Reached skill level 4 in Dodging
 13544 | Lair:1   | Reached skill level 6 in Shields
 13767 | Lair:1   | Offered knowledge of Irradiate by Vehumet.
 13997 | Lair:1   | Reached skill level 10 in Fire Magic
 13997 | Lair:1   | Reached XP level 11. HP: 61/61 MP: 1/21
 14504 | Lair:2   | Reached skill level 5 in Dodging
 14641 | Lair:2   | Reached skill level 8 in Conjurations
 14673 | Lair:2   | Found a frozen archway.
 14727 | IceCv    | Entered an ice cave
 14907 | Lair:2   | Found a dark tunnel.
 14916 | Volcano  | Entered a volcano
 15146 | Lair:2   | Reached ***** piety under Vehumet
 15152 | Lair:2   | Offered knowledge of Bolt of Fire by Vehumet.
 15530 | Lair:2   | Reached skill level 7 in Shields
 15762 | Lair:2   | Reached skill level 6 in Dodging
 15788 | Lair:2   | Reached skill level 8 in Spellcasting
 16556 | Lair:3   | Noticed Urug
 16707 | Lair:3   | Killed Urug
 16707 | Lair:3   | Reached skill level 9 in Conjurations
 16708 | Lair:3   | Noticed a griffon
 16877 | Lair:3   | Found a staircase to the Shoals.
 16911 | Lair:3   | Noticed a manticore
 16913 | Lair:3   | Killed a manticore
 16914 | Lair:3   | Killed a griffon
 17153 | Lair:3   | Reached skill level 7 in Dodging
 17605 | Lair:3   | Reached XP level 12. HP: 66/66 MP: 19/24
 17871 | Lair:4   | Found a hole to the Spider Nest.
 17876 | Lair:4   | Reached skill level 9 in Spellcasting
 18806 | Lair:5   | Noticed a death yak
 18979 | Lair:5   | Reached skill level 8 in Dodging
 18979 | Lair:5   | Reached skill level 10 in Conjurations
 19826 | Lair:4   | HP: 13/66 [torpor snail (11)]
 20571 | Lair:5   | Reached skill level 10 in Spellcasting
 20578 | Lair:5   | Killed a death yak
 20578 | Lair:5   | Reached skill level 9 in Dodging
 21110 | Lair:4   | HP: 16/66 [poisoned by a black mamba]
 21116 | Lair:4   | HP: 13/66 [poisoned by a black mamba]
 21121 | Lair:4   | HP: 12/66 [poisoned by a black mamba]
 21128 | Lair:4   | HP: 12/66 [poisoned by a black mamba]
 21136 | Lair:4   | HP: 12/66 [poisoned by a black mamba]
 21601 | Lair:4   | Offered knowledge of Bolt of Cold by Vehumet.
 21666 | Lair:3   | Learned a level 6 spell: Bolt of Cold
 21860 | Lair:5   | Reached skill level 1 in Ice Magic
 22165 | Lair:5   | Reached skill level 2 in Ice Magic
 22376 | Lair:5   | Reached XP level 13. HP: 49/71 MP: 6/27
 23057 | Lair:6   | Reached skill level 10 in Dodging
 23057 | Lair:6   | Reached skill level 3 in Ice Magic
 23188 | Lair:6   | Reached skill level 4 in Ice Magic
 25974 | Lair:7   | Reached skill level 11 in Conjurations
 26011 | Lair:7   | Reached skill level 11 in Fire Magic
 26786 | Lair:8   | Entered Level 8 of the Lair of Beasts
 27462 | Lair:8   | Found a staircase to the Slime Pits.
 27993 | Lair:8   | Reached ****** piety under Vehumet
 27993 | Lair:8   | Reached XP level 14. HP: 76/76 MP: 28/28
 28102 | Lair:8   | Reached skill level 12 in Conjurations
 28289 | Lair:8   | Reached skill level 12 in Fire Magic
 28357 | Lair:8   | Offered knowledge of Lightning Bolt by Vehumet.
 29105 | Lair:8   | Reached skill level 11 in Spellcasting
 31003 | Lair:3   | Reached skill level 12 in Spellcasting
 31241 | D:9      | Offered knowledge of Iskenderun's Battlesphere by Vehumet.
 31255 | D:9      | Learned a level 5 spell: Iskenderun's Battlesphere
 31256 | D:10     | Entered Level 10 of the Dungeon
 31329 | D:10     | Noticed Fannar
 32632 | D:10     | Killed Fannar
 33280 | D:11     | Reached skill level 13 in Spellcasting
 34306 | D:12     | Reached XP level 15. HP: 77/81 MP: 12/32
 34607 | D:12     | Found a staircase to the Orcish Mines.
 34615 | D:12     | Offered knowledge of Poisonous Cloud by Vehumet.
 34617 | D:12     | Found a roughly hewn altar of Beogh.
 34911 | Orc:1    | Entered Level 1 of the Orcish Mines
 34943 | Orc:1    | Paralysed by an orc sorcerer for 6 turns
 34949 | Orc:1    | Reached skill level 8 in Shields
 35228 | Orc:2    | Entered Level 2 of the Orcish Mines
 35515 | Orc:1    | Reached skill level 11 in Dodging
 35888 | Orc:1    | Found a roughly hewn altar of Beogh.
 36405 | Orc:2    | Found Miwudgh's Book Emporium.
 36496 | Orc:2    | Noticed an orc warlord
 37004 | D:13     | Offered knowledge of Poison Arrow by Vehumet.
 37004 | D:13     | Reached skill level 5 in Ice Magic
 37145 | D:13     | Noticed attackplan's ghost (adept HOFi)
 37176 | D:13     | Noticed Thomus's ghost (journeyman DECj)
 37615 | Orc:2    | Killed an orc warlord
 37761 | Orc:2    | Found a staircase to the Elven Halls.
 37801 | Orc:2    | Reached skill level 9 in Shields
 38498 | Orc:2    | Found Xobes's Antique Armour Shoppe.
 38565 | Orc:2    | Paralysed by an ogre mage for 4 turns
 38569 | Orc:2    | Reached skill level 6 in Ice Magic
 38847 | Orc:2    | Noticed an orc warlord
 38856 | Orc:2    | Found Kimo's Distillery.
 38962 | Orc:2    | Found Liequ's Distillery.
 39235 | Orc:2    | Found Efilat's Magic Scroll Emporium.
 39236 | Orc:2    | Found Roudoyn's Weapon Shop.
 39236 | Orc:2    | Found Xuvileo's Antique Armour Emporium.
 39236 | Orc:2    | Found Wipsidy's Antique Weapon Boutique.
 39247 | Orc:2    | Bought a scroll of identify for 30 gold pieces
 39247 | Orc:2    | Bought a scroll of identify for 30 gold pieces
 39247 | Orc:2    | Bought 2 scrolls of acquirement for 1560 gold pieces
 39268 | Orc:2    | Got a vibrating granite ring
 39270 | Orc:2    | Identified the ring of Jiorish {SustAt Str+3} (You acquired it on level 2 of the Orcish Mines)
 39386 | Orc:2    | Killed an orc warlord
 39682 | Elf:1    | Entered Level 1 of the Elven Halls
 39807 | D:12     | Reached skill level 12 in Dodging
 39976 | Shoals:1 | Entered Level 1 of the Shoals
 40261 | Shoals:1 | Found Ybiepn's General Store.
 40477 | Shoals:1 | Reached skill level 10 in Shields
 40612 | Shoals:1 | Offered knowledge of Delayed Fireball by Vehumet.
 40627 | Shoals:1 | Reached skill level 7 in Ice Magic
 41203 | Shoals:1 | Reached XP level 16. HP: 84/86 MP: 11/33
 41633 | Shoals:2 | Reached skill level 1 in Charms
 41637 | Shoals:2 | Reached skill level 2 in Charms
 41652 | Shoals:2 | Reached skill level 3 in Charms
 41850 | Shoals:3 | Reached skill level 4 in Charms
 42078 | Shoals:2 | Reached skill level 5 in Charms
 42477 | Orc:2    | Bought a book of Enchantments for 600 gold pieces
 42484 | Orc:2    | Learned a level 6 spell: Deflect Missiles
 42662 | Lair:2   | Reached skill level 1 in Air Magic
 42786 | Shoals:2 | Reached skill level 2 in Air Magic
 42915 | Shoals:2 | Reached skill level 3 in Air Magic
 42996 | Shoals:2 | Noticed a kraken
 43317 | Shoals:2 | Reached skill level 4 in Air Magic
 43467 | Shoals:3 | Reached skill level 5 in Air Magic
 43652 | Shoals:3 | Reached skill level 6 in Air Magic
 43907 | Shoals:3 | Reached skill level 7 in Air Magic
 44079 | Shoals:3 | Noticed Polyphemus
 44600 | Shoals:3 | Reached skill level 8 in Air Magic
 44876 | Shoals:3 | Got a transparent halberd {chop}
 44897 | Shoals:4 | Entered Level 4 of the Shoals
 45221 | Shoals:4 | Reached skill level 9 in Air Magic
 45222 | Shoals:4 | Noticed Ilsuiw
 45511 | Shoals:3 | Reached XP level 17. HP: 90/90 MP: 34/34
 45788 | Shoals:4 | Reached skill level 10 in Air Magic
 46320 | Shoals:4 | Got a shimmering tin ring
 46327 | Shoals:4 | Identified the ring "Zoahiot" {Wiz rPois rN+ MR+ Dex+4 Stlth-} (You acquired it on level 4 of the Shoals)
 46379 | Shoals:4 | Killed Ilsuiw
 46558 | Shoals:4 | Reached skill level 11 in Air Magic
 47270 | Shoals:4 | Reached skill level 12 in Air Magic
 47404 | Shoals:4 | Noticed a kraken
 47435 | Shoals:4 | Killed a kraken
 47651 | Shoals:4 | Got a barnacled rune of Zot
 47744 | Shoals:4 | Found Toraesm's Antique Armour Emporium.
 47752 | Shoals:4 | Bought a scorched shield for 228 gold pieces
 47767 | Shoals:4 | Identified the +2 shield of the Untouchables {Int+3} (You bought it in a shop on level 4 of the Shoals)
 48340 | Shoals:2 | Killed Polyphemus
 48340 | Shoals:2 | Offered knowledge of Fire Storm by Vehumet.
 48340 | Shoals:2 | Offered knowledge of Glaciate by Vehumet.
 48340 | Shoals:2 | Offered knowledge of Tornado by Vehumet.
 48700 | Spider:1 | Entered Level 1 of the Spider Nest
 48834 | Spider:2 | Noticed Nikola
 49586 | D:12     | Reached skill level 6 in Charms
 49988 | D:13     | Found a gate to the Vaults.
 50518 | D:14     | Noticed Frances
 50626 | D:14     | Found a sparkling altar of Nemelex Xobeh.
 51020 | D:14     | Noticed Sonja
 51027 | D:14     | Reached skill level 13 in Conjurations
 51135 | D:14     | Reached XP level 18. HP: 96/96 MP: 35/35
 51235 | D:14     | Reached skill level 7 in Charms
 51373 | D:14     | Killed Frances
 51719 | D:14     | Killed Sonja
 51728 | D:14     | Got an uncursed ancient dagger {elec}
 51920 | D:15     | Entered Level 15 of the Dungeon
 52185 | D:15     | Reached skill level 13 in Fire Magic
 52611 | D:15     | Noticed Rupert
 52617 | D:15     | Killed Rupert
 52830 | D:15     | Found a staircase to the Depths.
 53695 | Depths:1 | Entered Level 1 of the Depths
 54115 | Depths:1 | Found a gateway to a ziggurat.
 54156 | Depths:1 | Reached skill level 14 in Conjurations
 54307 | Depths:1 | Found an iron altar of Okawaru.
 54398 | Depths:1 | Found a gateway to Hell.
 54600 | Depths:1 | Noticed Mara
 54745 | Depths:2 | Noticed HolyRage's ghost (adept TrMo)
 54972 | Depths:2 | Noticed an iron giant
 55222 | Vaults:1 | Entered Level 1 of the Vaults
 55235 | Vaults:1 | Reached skill level 14 in Fire Magic
 56439 | Vaults:1 | Reached XP level 19. HP: 100/100 MP: 15/36
 56512 | Vaults:1 | Reached skill level 15 in Conjurations
 57343 | Vaults:1 | Noticed Saint Roka
 57556 | Vaults:1 | Reached skill level 15 in Fire Magic
 57731 | Vaults:1 | Killed Saint Roka
 57966 | Vaults:2 | Found Zasaumoe's Antique Armour Shop.
 58293 | Vaults:2 | Noticed Margery
 58924 | Vaults:2 | Reached skill level 16 in Conjurations
 59410 | Vaults:2 | Found a staircase to the Crypt.
 59410 | Vaults:2 | Found a basalt altar of Yredelemnul.
 59442 | Vaults:2 | Found an ancient bone altar of Kikubaaqudgha.
 59453 | Vaults:2 | Found Fovorch's Antique Weapon Shop.
 59598 | Vaults:2 | Reached skill level 1 in Fighting
 59602 | Vaults:2 | Reached skill level 2 in Fighting
 59603 | Vaults:2 | Reached skill level 3 in Fighting
 59901 | Vaults:2 | Reached skill level 4 in Fighting
 59926 | Vaults:2 | Reached skill level 5 in Fighting
 60206 | Vaults:2 | Reached skill level 6 in Fighting
 60565 | Vaults:2 | Reached XP level 20. HP: 121/121 MP: 37/37
 61309 | Vaults:3 | Reached skill level 7 in Fighting
 61576 | Vaults:3 | Noticed Sojobo
 61846 | Vaults:3 | Reached skill level 16 in Fire Magic
 61850 | Vaults:3 | Found Ywom's Assorted Antiques.
 61874 | Vaults:3 | Bought a fuming amethyst potion for 28 gold pieces
 61874 | Vaults:3 | Bought a fizzy grey potion for 28 gold pieces
 62196 | Vaults:3 | Reached skill level 8 in Fighting
 62790 | Vaults:3 | Killed Sojobo
 63491 | Lair:1   | Learned a level 6 spell: Iron Shot
 63712 | D:13     | Killed Thomus's ghost
 64093 | D:13     | Killed attackplan's ghost
 64093 | D:13     | Reached skill level 9 in Fighting
 64412 | Vaults:2 | Killed Margery
 65274 | Vaults:4 | Found a basalt altar of Yredelemnul.
 65280 | Vaults:3 | Reached skill level 14 in Spellcasting
 66625 | Vaults:4 | Reached skill level 10 in Fighting
 66914 | Vaults:4 | Reached XP level 21. HP: 137/137 MP: 39/39
 67178 | Vaults:4 | Reached skill level 17 in Fire Magic
 68308 | Vaults:4 | Reached skill level 15 in Spellcasting
 69401 | Shoals:1 | Bought an uncursed ring of protection from cold for 350 gold pieces
 69401 | Shoals:1 | Bought an uncursed ring of protection from magic for 350 gold pieces
 70098 | Elf:1    | Found Daex's Weapon Emporium.
 70099 | Elf:1    | Noticed Donald
 70104 | Elf:1    | Killed Donald
 70320 | Elf:1    | Noticed Roxanne
 70656 | Elf:1    | Got a shimmering great sword {slice}
 70829 | Elf:1    | Reached skill level 18 in Fire Magic
 71342 | Elf:2    | Found Daesap's Weapon Shop.
 72009 | Elf:2    | Found a runed gate.
 72009 | Elf:2    | Found a runed gate.
 72010 | Elf:2    | Found a runed gate.
 72083 | Elf:2    | Reached XP level 22. HP: 110/143 MP: 18/41
 73272 | Elf:2    | Noticed Norris
 73278 | Elf:2    | Killed Norris
 73688 | Elf:2    | Reached skill level 17 in Conjurations
 74175 | Elf:3    | Entered Level 3 of the Elven Halls
 74536 | Elf:3    | Noticed Wiglaf
 74567 | Elf:3    | Killed Wiglaf
 74740 | Elf:3    | Reached skill level 19 in Fire Magic
 75519 | Crypt:1  | Entered Level 1 of the Crypt
 75603 | Crypt:1  | Got a faintly glowing quarterstaff
 77774 | Crypt:1  | Reached skill level 18 in Conjurations
 78711 | Crypt:1  | Reached XP level 23. HP: 145/145 MP: 21/42
 78823 | Crypt:1  | Found an ancient bone altar of Kikubaaqudgha.
 79330 | Crypt:2  | Learned a level 9 spell: Fire Storm
 79413 | Crypt:2  | Reached skill level 20 in Fire Magic
 80677 | Crypt:3  | Entered Level 3 of the Crypt
 80881 | Crypt:3  | Got a smoking hat
 80893 | Crypt:3  | Identified the +1 hat of Dawn {-Cast Str+8 Int+3 SInv} (You found it on level 3 of the Crypt)
 81178 | Crypt:3  | Found a basalt altar of Yredelemnul.
 82518 | Crypt:3  | Reached skill level 19 in Conjurations
 85112 | Crypt:3  | Reached skill level 21 in Fire Magic
 85633 | Crypt:3  | Found a staircase to the Tomb.
 85642 | Tomb:1   | Entered Level 1 of the Tomb of the Ancients
 86153 | D:8      | Killed Erolcha
 86818 | Elf:1    | Killed Roxanne
 87287 | Spider:2 | Reached XP level 24. HP: 154/154 MP: 25/42
 87724 | Spider:2 | Killed Nikola
 88222 | Spider:1 | Reached skill level 20 in Conjurations
 89045 | Spider:3 | Noticed Arachne
 89047 | Spider:3 | Killed Arachne
 90681 | Spider:4 | Entered Level 4 of the Spider Nest
 90684 | Spider:4 | Noticed Agnes
 90686 | Spider:4 | Killed Agnes
 90770 | Spider:3 | Gained mutation: Your magical capacity is low (-10% MP). [mutagenic glow]
 91067 | Spider:4 | Noticed Asterion
 91072 | Spider:4 | Killed Asterion
 91282 | Spider:4 | Noticed Jorgrun
 91284 | Spider:4 | Killed Jorgrun
 91975 | Spider:4 | Reached skill level 22 in Fire Magic
 92074 | Spider:4 | Got a gossamer rune of Zot
 92666 | Lair:1   | Lost mutation: Your magical capacity is low (-10% MP). [potion of cure mutation]
 93384 | Elf:3    | Reached skill level 21 in Conjurations
 93770 | Elf:3    | Reached XP level 25. HP: 159/159 MP: 42/42
 93986 | Elf:3    | Got a crude granite ring
 94258 | Elf:3    | Got a bloodstained flail
 94266 | Elf:3    | Got a bloodstained storm dragon armour {rElec}
 94363 | Elf:3    | Identified the ring of Jiheavve {Ice Str-2 Dex+7} (You took it off a deep elf death mage on level 3 of the Elven Halls)
 95403 | D:8      | Bought the ring "Xuath" {rCorr Int+4} for 495 gold pieces
 95829 | Depths:1 | Noticed jazmu's illusion
 95833 | Depths:1 | Killed Mara
 96748 | Depths:2 | Reached skill level 23 in Fire Magic
 97299 | Depths:2 | Reached skill level 22 in Conjurations
 97535 | Depths:2 | Got an ancient great mace
 97688 | Depths:2 | Killed HolyRage's ghost
 98494 | Depths:3 | Noticed Boris
 98508 | Depths:3 | Killed Boris
 99397 | Depths:3 | Reached XP level 26. HP: 159/165 MP: 42/42
 99523 | Depths:3 | Found a one-way gate leading to the halls of Pandemonium.
100468 | Depths:4 | Found a one-way gate to the infinite horrors of the Abyss.
101085 | Depths:4 | Reached skill level 24 in Fire Magic
101087 | Depths:4 | Reached skill level 23 in Conjurations
101696 | Lair:1   | Identified the +1 storm dragon armour of Modesty {+Fly rElec rPois rC- rCorr, rElec} (You found it on level 3 of the Elven Halls)
101700 | Lair:1   | Reached skill level 9 in Ice Magic
101700 | Lair:1   | Reached XP level 27. HP: 171/171 MP: 42/42
102016 | Depths:5 | Entered Level 5 of the Depths
102056 | Depths:5 | Found a shattered altar of Ashenzari.
103907 | Depths:5 | Reached skill level 1 in Evocations
103918 | Depths:5 | Found a runed door.
103927 | Depths:5 | Found a runed door.
103927 | Depths:5 | Found a runed door.
103941 | Depths:5 | Reached skill level 2 in Evocations
104004 | Depths:5 | Found a runed door.
104037 | Depths:5 | Reached skill level 3 in Evocations
104233 | Depths:5 | Reached skill level 4 in Evocations
104314 | Depths:5 | Found a runed door.
104319 | Depths:5 | Found a runed door.
104639 | Depths:5 | Found a gate to the Realm of Zot.
105304 | Slime:1  | Entered Level 1 of the Pits of Slime
105308 | Slime:1  | Reached skill level 5 in Evocations
105357 | Slime:2  | Reached skill level 13 in Dodging
105361 | Slime:2  | Reached skill level 6 in Evocations
105455 | Slime:2  | Gained mutation: You are weak. (Str -2) [a shining eye]
105498 | Slime:3  | Reached skill level 7 in Evocations
105538 | Slime:4  | Reached skill level 8 in Evocations
105703 | Slime:5  | Reached skill level 9 in Evocations
105715 | Slime:6  | Entered Level 6 of the Pits of Slime
105742 | Slime:6  | Noticed the Royal Jelly
106173 | Slime:4  | Reached skill level 10 in Evocations
106194 | Slime:4  | Reached skill level 14 in Dodging
106564 | Slime:4  | Reached skill level 11 in Evocations
107878 | Slime:6  | Reached skill level 12 in Evocations
107891 | Slime:6  | Killed the Royal Jelly
107891 | Slime:6  | Reached skill level 13 in Evocations
107892 | Slime:6  | HP: 39/170 [azure jelly (7)]
108200 | Slime:5  | Reached skill level 15 in Dodging
108652 | Slime:6  | Identified the Compendium of the Birds and Clay (You found it on level 6 of the Pits of Slime)
108688 | Slime:6  | Got a translucent copper amulet
108690 | Slime:6  | Got a slimy rune of Zot
108990 | Slime:6  | Got a jewelled dagger
109006 | Slime:6  | Got a twisted flail
109008 | Slime:6  | Identified the Almanac of Shape Shifting and Confrontation (You found it on level 6 of the Pits of Slime)
109017 | Slime:6  | Reached skill level 16 in Spellcasting
109554 | Lair:1   | Identified the +8 dagger of Defence {pierce, rElec MP+9 Stlth-} (You found it on level 6 of the Pits of Slime)
109555 | Lair:1   | Identified the +8 flail "Gocluar" {crush, rF- Dex+4 SInv} (You found it on level 6 of the Pits of Slime)
109560 | Lair:1   | Identified the amulet "Tunkogri" {Fragile +Rage rPois MR+ Dex+2} (You found it on level 6 of the Pits of Slime)
111351 | Vaults:5 | Entered Level 5 of the Vaults
111355 | Vaults:5 | HP: 31/171 [vault guard/halberd (21)]
111744 | Vaults:4 | Reached skill level 16 in Dodging
111959 | Vaults:4 | Learned a level 9 spell: Glaciate
111963 | Vaults:5 | Reached skill level 10 in Ice Magic
111967 | Vaults:5 | Noticed an ancient lich
111972 | Vaults:4 | Reached skill level 17 in Spellcasting
111977 | Vaults:5 | Killed an ancient lich
111979 | Vaults:5 | Noticed an ancient lich
112622 | Temple   | Entered the Ecumenical Temple
113143 | Zig:1    | Entered Level 1 of a ziggurat
113174 | Zig:2    | Entered Level 2 of a ziggurat
113207 | Zig:2    | Got a transparent iron amulet
113239 | Zig:2    | Identified the amulet of Zued {Reflect rN+ SH+4} (You found it on level 2 of a ziggurat)
113244 | Zig:3    | Entered Level 3 of a ziggurat
113275 | Zig:3    | Got a warped morningstar
113298 | Zig:4    | Entered Level 4 of a ziggurat
113350 | Zig:4    | Reached skill level 11 in Ice Magic
113357 | Zig:5    | Entered Level 5 of a ziggurat
113361 | Zig:5    | Reached skill level 18 in Spellcasting
113409 | Zig:6    | Entered Level 6 of a ziggurat
113415 | Zig:6    | Noticed Rapeumi the pandemonium lord
113415 | Zig:6    | Killed Rapeumi the pandemonium lord
113415 | Zig:6    | Reached skill level 17 in Dodging
113488 | Zig:7    | Entered Level 7 of a ziggurat
113660 | Zig:7    | Identified the Volume of Assistive Earth (You found it on level 7 of a ziggurat)
113670 | Zig:7    | Lost mutation: You are weak. (Str -2) [potion of cure mutation]
114198 | Zig:8    | Entered Level 8 of a ziggurat
114206 | Zig:8    | Noticed a juggernaut
114207 | Zig:8    | Noticed a juggernaut
114208 | Zig:8    | Killed a juggernaut
114208 | Zig:8    | Reached skill level 12 in Ice Magic
114211 | Zig:8    | Killed a juggernaut
114319 | Zig:8    | Reached skill level 19 in Spellcasting
114346 | Zig:9    | Entered Level 9 of a ziggurat
114464 | Zig:9    | Got an ichor-stained quarterstaff
114574 | Zig:10   | Entered Level 10 of a ziggurat
114637 | Zig:10   | Gained mutation: Your flesh is heat resistant. [potion of beneficial mutation]
114820 | Zig:11   | Entered Level 11 of a ziggurat
114840 | Zig:11   | Reached skill level 13 in Ice Magic
115048 | Zig:12   | Entered Level 12 of a ziggurat
115059 | Zig:12   | Noticed an ancient lich
115063 | Zig:12   | Noticed an ancient lich
115063 | Zig:12   | Killed an ancient lich
115063 | Zig:12   | Reached skill level 18 in Dodging
115063 | Zig:12   | Killed an ancient lich
115067 | Zig:12   | Noticed an ancient lich
115068 | Zig:12   | Killed an ancient lich
115173 | Zig:12   | Gained mutation: You are robust (+10% HP). [potion of beneficial mutation]
115278 | Zig:13   | Entered Level 13 of a ziggurat
115296 | Zig:13   | Reached skill level 20 in Spellcasting
115357 | Zig:13   | Identified the Tome of Torrid Hexes (You found it on level 13 of a ziggurat)
115578 | Zig:14   | Entered Level 14 of a ziggurat
115593 | Zig:14   | Reached skill level 14 in Ice Magic
115594 | Zig:14   | Noticed an ancient lich
115595 | Zig:14   | Killed an ancient lich
115678 | Zig:14   | Got a shimmering wooden ring
115681 | Zig:14   | Got a wavering bronze ring
115698 | Zig:14   | Got a slimy scimitar
115715 | Zig:14   | Reached skill level 19 in Dodging
115716 | Zig:14   | Reached skill level 15 in Ice Magic
115718 | Zig:14   | Identified the ring of Gila Mue {rN+ Int+7 Stlth-} (You found it on level 14 of a ziggurat)
115720 | Zig:14   | Identified the ring of Reivosh {MR++ MP+9 Str+3 Dex-4 SInv} (You found it on level 14 of a ziggurat)
115830 | Zig:15   | Entered Level 15 of a ziggurat
115947 | Zig:15   | Identified Iteiz's Handbook of the Oath (You found it on level 15 of a ziggurat)
116003 | Zig:16   | Entered Level 16 of a ziggurat
116117 | Zig:16   | Got a clouded copper ring
116119 | Zig:16   | Identified the cursed ring "Wymiomyc" {rC+ Str+4 Int-3} (You found it on level 16 of a ziggurat)
116157 | Zig:16   | Identified the Tome of Snow (You found it on level 16 of a ziggurat)
116184 | Zig:17   | Entered Level 17 of a ziggurat
116208 | Zig:17   | Reached skill level 16 in Ice Magic
116274 | Zig:17   | Got a transparent lead ring
116275 | Zig:17   | Identified the ring "Cuwon" {Ice rPois MR- SInv} (You found it on level 17 of a ziggurat)
116361 | Zig:18   | Entered Level 18 of a ziggurat
116383 | Zig:18   | Reached skill level 20 in Dodging
116391 | Zig:18   | Noticed an ancient lich
116392 | Zig:18   | Reached skill level 21 in Spellcasting
116393 | Zig:18   | Killed an ancient lich
116628 | Zig:18   | Got a ring of the Octopus King
116632 | Zig:18   | Identified a ring of the Octopus King {AC+1 EV+1 Str+1 Int+1 Dex+1 Stlth+} (You found it on level 18 of a ziggurat)
116684 | Zig:19   | Entered Level 19 of a ziggurat
116708 | Zig:19   | Reached skill level 17 in Ice Magic
116709 | Zig:19   | Reached skill level 21 in Dodging
116771 | Zig:19   | Reached skill level 11 in Shields
116808 | Zig:20   | Entered Level 20 of a ziggurat
116808 | Zig:20   | Noticed Joat's ghost (legendary DsFi)
117421 | Lair:1   | Learned a level 6 spell: Haste
117769 | Vaults:5 | Killed an ancient lich
117769 | Vaults:5 | Reached skill level 22 in Dodging
118004 | Vaults:5 | Reached skill level 18 in Ice Magic
118194 | Vaults:5 | Noticed an ancient lich
118195 | Vaults:5 | Reached skill level 22 in Spellcasting
118196 | Vaults:5 | Killed an ancient lich
118477 | Vaults:5 | Got a silver rune of Zot
118702 | Vaults:5 | Got an ancient buckler
118715 | Vaults:5 | Identified the +1 buckler "Moyxazom" {rElec MP-9 SInv} (You found it on level 5 of the Vaults)
120595 | Vaults:5 | Got a faintly glowing battleaxe {holy}
121284 | Hell     | Entered the Vestibule of Hell
121284 | Hell     | Noticed Geryon
121291 | Hell     | Killed Geryon
121416 | Hell     | Noticed Murray
121835 | Hell     | Killed Murray
121968 | Hell     | Reached skill level 12 in Shields
122163 | Hell     | Found a gateway to the Iron City of Dis.
122251 | Hell     | Reached skill level 23 in Dodging
122257 | Hell     | Found a gateway to the freezing wastes of Cocytus.
122358 | Hell     | Found a gateway to the ashen valley of Gehenna.
122596 | Geh:1    | Entered Level 1 of Gehenna
122985 | Geh:2    | Reached skill level 13 in Shields
123474 | Geh:6    | Reached skill level 14 in Evocations
123515 | Geh:7    | Entered Level 7 of Gehenna
123621 | Geh:7    | Reached skill level 15 in Evocations
123872 | Geh:7    | Reached skill level 16 in Evocations
123940 | Geh:7    | Noticed KarmaPolice's ghost (legendary MfGl)
123948 | Geh:7    | Killed KarmaPolice's ghost
123961 | Geh:7    | HP: 38/188 [something (32)]
124612 | Lair:1   | Learned a level 3 spell: Regeneration
124699 | D:13     | Reached skill level 17 in Evocations
125232 | Geh:7    | Reached skill level 18 in Evocations
125499 | Geh:7    | Noticed Asmodeus
125519 | Geh:7    | Killed Asmodeus
125519 | Geh:7    | Reached skill level 19 in Evocations
125564 | Geh:7    | Got an obsidian rune of Zot
125864 | Geh:7    | Reached skill level 20 in Evocations
126592 | Coc:1    | Entered Level 1 of Cocytus
126667 | Coc:1    | Reached skill level 23 in Spellcasting
126858 | Coc:4    | Reached skill level 24 in Conjurations
126923 | Coc:5    | Noticed an ancient lich
127073 | Coc:7    | Entered Level 7 of Cocytus
127808 | Coc:7    | Noticed Antaeus
127826 | Coc:7    | Killed Antaeus
127826 | Coc:7    | Reached skill level 24 in Spellcasting
127826 | Coc:7    | Reached skill level 25 in Conjurations
127915 | Coc:7    | Got a brightly glowing longbow
127982 | Coc:7    | Got an icy rune of Zot
127994 | Coc:7    | Identified the Compendium of the Mountains
128145 | Hell     | Found a gateway to the decaying netherworld of Tartarus.
128154 | Tar:1    | Entered Level 1 of Tartarus
128349 | Tar:2    | Paralysed by the power of Zot for 2 turns
128826 | Tar:4    | You fall through a shaft for 2 floors!
128919 | Tar:7    | Entered Level 7 of Tartarus
129063 | Tar:7    | Noticed an ancient lich
129065 | Tar:7    | Killed an ancient lich
129225 | Tar:7    | Reached skill level 26 in Conjurations
129387 | Tar:7    | Reached skill level 25 in Spellcasting
129500 | Tar:7    | Noticed an ancient lich
129505 | Tar:7    | Killed an ancient lich
129560 | Tar:7    | Identified Sioxidin's Disquisition on Orientation and Enhancements (You found it on level 7 of Tartarus)
129866 | Tar:7    | Noticed Ereshkigal
129890 | Tar:7    | Killed Ereshkigal
129939 | Tar:7    | Got a bone rune of Zot
130370 | Zot:1    | Entered Level 1 of the Realm of Zot
130661 | Zot:1    | Reached skill level 27 in Conjurations
130675 | Zot:1    | Noticed an orb of fire
130676 | Zot:1    | Gained mutation: You are occasionally teleported next to monsters. [an orb of fire]
130680 | Zot:1    | Killed an orb of fire
130688 | Zot:1    | Lost mutation: You are robust (+10% HP). [potion of cure mutation]
130688 | Zot:1    | Lost mutation: Your flesh is heat resistant. [potion of cure mutation]
130689 | Zot:1    | Lost mutation: You are occasionally teleported next to monsters. [potion of cure mutation]
130810 | Zot:1    | Reached skill level 26 in Spellcasting
130891 | Zot:1    | Got a faintly glowing hunting sling
131792 | Zot:2    | Noticed an orb of fire
131797 | Zot:2    | Killed an orb of fire
131978 | Zot:2    | Reached skill level 11 in Fighting
132311 | Zot:3    | Reached skill level 12 in Fighting
132722 | Zot:4    | Reached skill level 13 in Fighting
132739 | Zot:4    | Reached skill level 27 in Spellcasting
132759 | Zot:4    | Reached skill level 14 in Fighting
132924 | Zot:4    | Noticed an ancient lich
132927 | Zot:4    | Killed an ancient lich
132956 | Zot:4    | Reached skill level 15 in Fighting
133184 | Zot:4    | Reached skill level 16 in Fighting
133689 | Zot:5    | Entered Level 5 of the Realm of Zot
133994 | Zot:5    | Noticed an ancient lich
134000 | Zot:5    | Killed an ancient lich
134000 | Zot:5    | Reached skill level 17 in Fighting
134024 | Zot:5    | Noticed an orb of fire
134029 | Zot:5    | Killed an orb of fire
134465 | Pan      | Entered the realm of Gloorx Vloq.
134465 | Pan      | Entered Pandemonium
134468 | Pan      | Noticed Gloorx Vloq
134860 | Pan      | Reached skill level 25 in Fire Magic
134860 | Pan      | Reached skill level 19 in Ice Magic
134865 | Pan      | Found an exit through the horrors of the Abyss.
135424 | Pan      | Killed Gloorx Vloq
135482 | Pan      | Got a dark rune of Zot
135774 | Pan      | Got a smoking platinum ring
135790 | Pan      | Identified the cursed ring of Dodonug {+Blink +Inv Str-4 Int+3 Dex+2} (You found it in Pandemonium)
135869 | Pan      | Reached skill level 18 in Fighting
136074 | Pan      | Noticed Britaniac's ghost (legendary GrEE)
136076 | Pan      | Killed Britaniac's ghost
136271 | Pan      | Found an exit through the horrors of the Abyss.
136573 | Pan      | Found an exit through the horrors of the Abyss.
136692 | Pan      | Noticed Woleivvu the pandemonium lord
136698 | Pan      | Killed Woleivvu the pandemonium lord
137488 | Pan      | Found an exit through the horrors of the Abyss.
137494 | Pan      | Reached skill level 20 in Ice Magic
137577 | Pan      | Noticed Goluat the pandemonium lord
137586 | Pan      | Killed Goluat the pandemonium lord
137962 | Pan      | Got a demonic rune of Zot
138166 | Pan      | Found an exit through the horrors of the Abyss.
138437 | Pan      | Noticed Vism the pandemonium lord
138442 | Pan      | Killed Vism the pandemonium lord
138442 | Pan      | Reached skill level 19 in Fighting
138957 | Pan      | Reached skill level 26 in Fire Magic
139020 | Pan      | Got a wavering copper ring
139021 | Pan      | Identified the ring "Javo" {rPois EV+2} (You took it off an infernal demonspawn in Pandemonium)
139129 | Pan      | Noticed Gykhau Xoil the pandemonium lord
139139 | Pan      | Killed Gykhau Xoil the pandemonium lord
139239 | Pan      | Found an exit through the horrors of the Abyss.
139826 | Pan      | Noticed Voeneem the pandemonium lord
139830 | Pan      | Killed Voeneem the pandemonium lord
139862 | Pan      | Found an exit through the horrors of the Abyss.
140357 | Pan      | Reached skill level 21 in Ice Magic
140390 | Pan      | Noticed Duqygas the pandemonium lord
140397 | Pan      | Killed Duqygas the pandemonium lord
140473 | Pan      | Gained mutation: You are frail (-10% HP). [a neqoxec]
140477 | Pan      | Lost mutation: You are frail (-10% HP). [potion of cure mutation]
140651 | Pan      | Reached skill level 20 in Fighting
140729 | Pan      | Found an exit through the horrors of the Abyss.
141745 | Pan      | Noticed Fuephinu the pandemonium lord
141751 | Pan      | Killed Fuephinu the pandemonium lord
141902 | Pan      | Found an exit through the horrors of the Abyss.
142219 | Pan      | Noticed Ewyjyox the pandemonium lord
142223 | Pan      | Killed Ewyjyox the pandemonium lord
142328 | Depths:3 | Escaped Pandemonium
142526 | Pan      | Entered Pandemonium
142577 | Pan      | Found an exit through the horrors of the Abyss.
142621 | Pan      | Noticed Dofeloek the pandemonium lord
142624 | Pan      | Killed Dofeloek the pandemonium lord
143005 | Pan      | Gained mutation: You are dopey. (Int -2) [a cacodemon]
143630 | Pan      | Reached skill level 27 in Fire Magic
143685 | Pan      | Gained mutation: You are robust (+10% HP). [potion of beneficial mutation]
143735 | Pan      | Reached skill level 22 in Ice Magic
143757 | Pan      | Found an exit through the horrors of the Abyss.
143802 | Pan      | Noticed Hecaeq the pandemonium lord
143810 | Pan      | Killed Hecaeq the pandemonium lord
143810 | Pan      | Reached skill level 21 in Fighting
143813 | Pan      | Blown up by Hecaeq

Skill      XL: |  1  2  3  4  5  6  7  8  9 10 11 12 13 14 15 16 17 18 19 20 21 22 23 24 25 26 27 |
---------------+----------------------------------------------------------------------------------+-----
Fire Magic     | 4 7 10 11 12 14 15 16 18 19 21 22 23 24 27 | 27.0
Conjurations   | 2 3 4 5 7 9 10 11 12 13 14 16 18 19 21 22 23 27 | 27.0
Spellcasting   | 3 4 5 6 7 8 10 13 14 15 27 | 27.0
Shields        | 3 4 6 7 10 13 | 13.2
Dodging        | 4 7 9 10 12 23 | 23.3
Ice Magic      | 2 4 7 9 22 | 22.1
Charms         | 5 6 7 |  7.5
Air Magic      | 9 12 | 12.4
Fighting       | 6 10 21 | 21.0
Evocations     | 20 | 20.2
Stealth        | |  2.6

Action                   |  1- 3 |  4- 6 |  7- 9 | 10-12 | 13-15 | 16-18 | 19-21 | 22-24 | 25-27 || total
-------------------------+-------+-------+-------+-------+-------+-------+-------+-------+-------++-------
Melee: Unarmed           |     4 |       |       |       |       |       |       |       |       ||     4
       Constrict         |     2 |     1 |     1 |     6 |     6 |     1 |     1 |     3 |     4 ||    25
       Dagger            |     4 |     2 |     1 |     6 |       |       |       |       |       ||    13
       Spear             |       |       |    12 |       |       |       |       |       |       ||    12
       Tentacles         |       |       |     1 |     6 |    10 |       |       |     3 |    17 ||    37
       Staff             |       |       |       |     2 |    34 |     6 |     4 |     5 |    61 ||   112
 Cast: Flame Tongue      |    70 |   100 |   276 |   211 |   180 |    84 |     9 |    10 |     5 ||   945
       Conjure Flame     |       |     1 |    14 |    10 |    13 |     5 |     1 |     4 |     1 ||    49
       Sticky Flame      |       |       |    25 |    59 |    89 |    58 |    50 |    56 |    30 ||   367
       Fireball          |       |       |       |   211 |   675 |   628 |   660 |   815 |   526 ||  3515
       Bolt of Cold      |       |       |       |       |     8 |    33 |    77 |     3 |   100 ||   221
       Iskenderun's Batt |       |       |       |       |     8 |     4 |     5 |     8 |     6 ||    31
       Deflect Missiles  |       |       |       |       |       |     2 |     3 |     1 |     5 ||    11
       Iron Shot         |       |       |       |       |       |       |    63 |    71 |   128 ||   262
       Fire Storm        |       |       |       |       |       |       |       |   103 |  1210 ||  1313
       Glaciate          |       |       |       |       |       |       |       |       |   460 ||   460
       Regeneration      |       |       |       |       |       |       |       |       |    50 ||    50
       Haste             |       |       |       |       |       |       |       |       |    19 ||    19
 Abil: Evoke Flight      |       |       |       |       |       |       |       |       |     4 ||     4
Evoke: Wand              |       |       |       |       |     1 |     3 |     1 |     3 |    47 ||    55
       Staff of energy   |       |       |       |       |       |       |       |       |   223 ||   223
       Deck              |       |       |       |       |       |       |       |       |     8 ||     8
  Use: Scroll            |       |       |     6 |     6 |    17 |    13 |     7 |    13 |    52 ||   114
       Potion            |       |       |       |     4 |       |       |       |     3 |    40 ||    47
  Eat: Chunk             |     4 |     7 |    16 |    67 |   148 |    91 |    85 |    67 |   140 ||   625
       Meat ration       |       |       |     1 |     1 |     1 |       |       |     1 |    15 ||    19
       Fruit             |       |       |     2 |     5 |       |       |       |     6 |    10 ||    23
       Beef jerky        |       |       |     1 |     1 |       |       |       |     2 |    10 ||    14
       Royal jelly       |       |       |       |     2 |       |       |       |     1 |     3 ||     6
       Pizza             |       |       |       |       |       |     1 |     1 |     1 |     1 ||     4
       Bread ration      |       |       |       |       |       |       |     1 |    11 |    21 ||    33
Armor: Skin              |     6 |     2 |     7 |     4 |    16 |     9 |     1 |     4 |     4 ||    53
Dodge: Dodged            |    26 |    16 |    69 |    79 |   135 |   209 |   174 |   119 |   565 ||  1392
       Deflected         |       |       |       |       |       |    16 |    42 |    17 |    66 ||   141
Block: Buckler           |       |       |       |    13 |    42 |       |       |       |       ||    55
       Shield            |       |       |       |       |    29 |   198 |   117 |   109 |   393 ||   846
       Reflection        |       |       |       |       |       |       |       |       |     8 ||     8

Vault maps used:
D:1:      dpeg_arrival_pits, minmay_surrounded
D:3:      nicolae_overflow_quartered_altars, ecumenical_altar_2,
          grunt_ministairs_5, minmay_misc_feat_iff
D:4:      first_bread
D:5:      st_stairs_10, tso_metal_star
D:6:      nicolae_for_you_no_charge, uniq_crazy_yiuf_cottage
D:7:      minmay_temple_entry_poolview, the_bakery, minmay_holes,
          minmay_strange_pillars, fedhas_altar_1
D:8:      kennysheep_big_flooded_room, serial_shops, nicolae_shop_behind_doors,
          enter_ossuary_4, uniq_erolcha
D:9:      david_lair_generic, st_stairs_11, grunt_decor_mini_mirrors,
          johnstein_pakellas_death_squad
D:10:     serial_column_ruins, column_ruins_columns_straight,
          column_ruins_open_medium, column_ruins_grid_1,
          column_ruins_columns_corner, column_ruins_open_medium, uniq_fannar
D:12:     minmay_orc_entry_temple_small
D:13:     erik_vaults_2
D:14:     nemelex_xobeh_ov_fountains_minmay, kennysheep_doodads, uniq_sonja,
          uniq_frances
D:15:     grunt_enter_depths_magical_seal, uniq_rupert
Temple:   nicolae_temple_elliptical
Lair:1:   grunt_forest_small_clearing_treed, grunt_megastairs_4
Lair:2:   forest_paths, portal_ice_cave_entry_imps,
          nicolae_volcano_entry_hallway
Lair:3:   minmay_shoals_entry_beasts, grunt_forest_small_clearings,
          lemuel_fruit_fields, uniq_urug
Lair:4:   nicolae_spider_entry_orb_guardian, roderic_carrion_pond
Lair:5:   lemuel_slime
Lair:6:   nicolae_quartered_pool_medium, serial_bayou_ford_a,
          infiniplex_staircase_pool_2
Lair:7:   grunt_megastairs_3
Lair:8:   hangedman_lair_caniforms_friends, guppyfry_lair_end_dragon,
          minmay_slime_entry_jelly_boxes, minivault_29
Shoals:1: serial_shops, nicolae_shop_crystal
Shoals:2: nicolae_shoals_aquamancer_cove
Shoals:3: nicolae_shoals_seven_spires, uniq_polyphemus
Shoals:4: shoals_end_hangedman, shoals_ilsuiw_ice, serial_shops, shop
Spider:1: nicolae_spider_circle_web
Spider:2: nicolae_spider_stair_cavern, uniq_nikola
Spider:3: uniq_arachne
Spider:4: grunt_spider_rune_circles, guppyfry_spider_mini_3, uniq_jorgrun,
          uniq_agnes, uniq_asterion
Slime:4:  nicolae_slime_round_cave
Orc:1:    minmay_orc_temple_c
Orc:2:    st_orc_ogre_mass, serial_shops, shop, shop, nicolae_shop_stone,
          nicolae_shop_waterfront
Elf:1:    minmay_elf_arrival_circle, serial_shops, shop, minivault_28,
          billiards_dpeg, uniq_roxanne, uniq_donald
Elf:2:    serial_shops, shop, minivault_24, uniq_norris
Elf:3:    minmay_elf_hall_hex, uniq_wiglaf
Vaults:1: vaults_room_grunt_arrival_ludios, v_misc_22,
          nicolae_vaults_big_angled_halls, nicolae_vaults_little_squares_1,
          vaults_mumra_hex, v_pattern_4, ontoclasm_vaults_eye,
          hangedman_vaults_trim, nicolae_vaults_little_squares_5,
          uniq_saint_roka
Vaults:2: v_misc_2, v_misc_13, v_misc_11, minmay_crypt_entry_necro_gods,
          nicolae_vaults_shelves_hall, grunt_vaults_bifocal,
          nicolae_vaults_theta, nicolae_vaults_big_angled_halls,
          vaults_dpeg_cross, vaults_room_stairs_pillars,
          nicolae_vaults_little_squares_5, nicolae_vaults_border_crossing,
          hangedman_vaults_restitches, nicolae_vaults_triangles, v_misc_28,
          vaults_dpeg_encased_lava, serial_shops, shop, nicolae_shop_trees,
          uniq_margery
Vaults:3: v_misc_4, vaults_room_door_ring, ontoclasm_vaults_shuriken, v_rooms_4,
          grunt_vaults_funnel, vaults_room_fours,
          nicolae_vaults_little_squares_6, serial_shops,
          nicolae_shop_overgrown_old_shop, uniq_sojobo
Vaults:4: vaults_room_fours, vaults_mumra_lcd, v_rooms_2, st_more_cells,
          grunt_vaults_trifunnel, v_misc_12, hangedman_vaults_capsules,
          v_misc_22, nicolae_vaults_little_squares_2, dpeg_vaults_monster_row,
          grunt_vaults_focal, nicolae_vaults_rhombus_6, basic_altar
Crypt:1:  cheibrodos_crypt_down_in_the_bonehoard
Crypt:2:  statuecave_lemuel, stair_cage_line
Crypt:3:  evilmike_haunted_forest
Depths:1: enter_ziggurat_f, dk_noncrumbling_2, hangedman_tar_grid_catacomb,
          spider_trap, okawaru_ov_weapons_minmay, serial_bayou_shore_a,
          serial_bayou_shore_b, uniq_mara
Depths:2: gold_lair_mu, hellmouth_1, minmay_misc_feat_hallway,
          kennysheep_generic_room_7
Depths:3: minmay_blocking_statues, hell_entry, grunt_pan_entry_sceptre,
          serial_sigils_hangedman_gnaw, due_unseen_surprise, firewood_loft,
          uniq_boris
Depths:4: onia_ninara_swampy_vault, hangedman_glass_teeth, hell_entry,
          abyss_entry_small_statue_room, corner_web_ring, serial_bayou_shore_b,
          infiniplex_staircase_pillars_1
Depths:5: evilmike_zot_entry_castle, grunt_metal_band, roderic_roman_lattice,
          ashenzari_altar_1
Geh:2:    lemuel_elevator
Geh:4:    nicolae_geh_lava_in_the_way
Geh:7:    geh_hangedman
Coc:3:    door_vault
Coc:7:    coc_grunt_cove
Tar:1:    nicolae_tar_cuneiform_bird, hangedman_tartarus_temple_path
Tar:2:    nicolae_tar_cuneiform_bread
Tar:3:    grunt_deathspiral_small, nicolae_tar_cuneiform_city
Tar:7:    tar_grunt_ereshkigal, tar_grunt_big_loot, tar_grunt_small_loot,
          tar_grunt_small_loot, tar_grunt_small_loot,
          nicolae_tar_cuneiform_to_be, nicolae_tar_cuneiform_not,
          tar_grunt_decor_cross_diag, tar_grunt_decor_6, tar_grunt_decor_6,
          tar_grunt_small_decor_pillar, tar_grunt_small_decor_pillar,
          tar_grunt_small_decor_pillar, tar_grunt_small_decor_pillar,
          tar_grunt_decor_1, tar_grunt_small_decor_pillar,
          tar_grunt_decor_cross_ortho, tar_grunt_small_decor_pillar,
          tar_grunt_small_decor_pillar, tar_grunt_decor_cross_ortho
Zot:1:    grunt_megastairs_2
Zot:3:    basic_stair_grate_trap
Zot:4:    hangedman_zot_vaults_quadrants, lemuel_baited_zot_trap
Pan:      gloorx_vloq_grunt, evilmike_mini_pan_pillars, grunt_pan_spiral,
          nicolae_pan_sigil_eeng, nicolae_pan_mnolegish_1,
          evilmike_mini_pan_layers, evilmike_mini_pan_other_thingy,
          pan_blood_fountain_2, evilmike_mini_pan_pillars_b,
          reaverb_pan_squares, nicolae_pan_glass_arcs, pan_blood_fountain_small,
          evilmike_mini_pan_possible_glass, nicolae_pan_door_chamber,
          pan_captured_pigsty, nicolae_pan_strange_glyphs,
          reaverb_pan_chaos_star, nicolae_pan_sigil_uleosi,
          evilmike_mini_pan_doors_b, nicolae_pan_double_arrow, pan_surprise,
          grunt_pan_in_and_out, uniq_mennas_pan, pan_blood_fountain_2
Zig:1:    ziggurat_pillar_centre_c
Zig:14:   ziggurat_pillar_centre_oklobs
Zig:15:   ziggurat_pillar_centre_dead_trees
Zig:20:   ziggurat_pillar_centre_drop
Ossuary:  ossuary_the_hunt_dpeg
IceCv:    ice_cave_tombish
Volcano:  volcano_aerie

Table legend:
 A = Turns spent in this place as a percentage of turns spent in the entire game.
 B = Non-inter-level travel turns spent in this place as a percentage of non-inter-level travel turns spent in the entire game.
 C = Inter-level travel turns spent in this place as a percentage of turns spent in this place.
 D = Turns resting spent in this place as a percentage of non-inter-level travel turns spent in this place.
 E = Turns spent auto-exploring this place as a percentage of non-inter-level travel turns spent in this place.
 F = Non-inter-level travel turns spent in this place divided by the number of levels of this place that you've seen.
                   A       B       C       D       E      F
               +-------+-------+-------+-------+-------+----------------------
         Total | 100.0 | 100.0 |   0.5 |   3.5 |   2.3 | 471.4
       Dungeon |  13.7 |  13.7 |   1.0 |   4.6 |   4.1 | 506.7
        Temple |   0.0 |   0.0 |   4.3 |   0.0 |  86.4 |  22.0
          Lair |  10.5 |  10.4 |   1.1 |   6.0 |   3.1 | 724.9
        Shoals |   7.6 |   7.6 |   0.2 |   3.1 |   0.0 | 1054.5
   Spider Nest |   2.8 |   2.8 |   0.5 |   7.5 |   4.8 | 387.5
    Slime Pits |   3.8 |   3.9 |   0.1 |   3.1 |   0.0 | 357.2
  Orcish Mines |   3.2 |   3.2 |   0.4 |   4.4 |   1.7 | 892.0
   Elven Halls |   4.4 |   4.4 |   0.5 |   5.1 |   2.2 | 818.7
        Vaults |   9.8 |   9.8 |   0.7 |   5.3 |   3.1 | 1088.4
         Crypt |   6.4 |   6.4 |   0.2 |   6.9 |   1.0 | 1190.3
          Tomb |   0.0 |   0.0 |   0.0 |   0.0 |   0.0 |   1.0
        Depths |   7.0 |   6.9 |   1.2 |   4.2 |   3.3 | 770.6
          Hell |   1.7 |   1.7 |   0.9 |   0.2 |   0.1 | 945.0
       Gehenna |   5.6 |   5.7 |   0.0 |   0.1 |   0.0 | 451.1
       Cocytus |   3.0 |   3.0 |   0.2 |   0.0 |   0.0 | 237.9
      Tartarus |   3.9 |   3.9 |   0.1 |   0.0 |   0.0 | 359.8
           Zot |   2.7 |   2.7 |   0.4 |   0.7 |   6.7 | 297.4
   Pandemonium |   8.9 |   9.0 |   0.0 |   0.2 |   4.0 | 415.7
      Ziggurat |   4.6 |   4.6 |   0.0 |   1.5 |   0.0 | 127.4
       Ossuary |   0.4 |   0.4 |   0.0 |   1.9 |   0.0 | 208.0
      Ice Cave |   0.0 |   0.0 |   0.0 |   0.0 |   0.0 |  20.0
       Volcano |   0.0 |   0.0 |   0.0 |   0.0 |   0.0 |   5.0
               +-------+-------+-------+-------+-------+----------------------

Table legend:
 A = Kills in this place as a percentage of kills in entire the game.
 B = Kills by you in this place as a percentage of kills by you in the entire game.
 C = Kills by friends in this place as a percentage of kills by friends in the entire game.
 D = Other kills in this place as a percentage of other kills in the entire game.
 E = Experience gained in this place as a percentage of experience gained in the entire game.
 F = Experience gained in this place divided by the number of levels of this place that you have seen.
                   A       B       C       D       E      F
               +-------+-------+-------+-------+-------+----------------------
         Total | 100.0 | 100.0 | 100.0 | 100.0 | 100.0 | 30129.2
       Dungeon |  10.0 |  10.2 |   2.0 |   0.0 |   2.5 | 5952.5
          Lair |   9.4 |   9.6 |   2.0 |   0.0 |   2.3 | 10315.4
        Shoals |   3.4 |   3.5 |   0.0 |  20.0 |   2.8 | 25285.0
   Spider Nest |   4.4 |   4.2 |  10.8 |   0.0 |   2.8 | 24698.5
    Slime Pits |   5.0 |   4.7 |  14.2 |   0.0 |   3.9 | 23205.8
  Orcish Mines |   2.5 |   2.5 |   0.0 |   0.0 |   0.7 | 12431.5
   Elven Halls |   3.8 |   3.7 |   5.4 |  20.0 |   4.5 | 52971.7
        Vaults |  11.5 |  11.7 |   4.1 |  40.0 |  12.1 | 85765.2
         Crypt |   4.5 |   4.6 |   0.0 |  20.0 |   4.9 | 58153.7
        Depths |   7.1 |   6.9 |  12.2 |   0.0 |   8.7 | 61643.4
          Hell |   1.9 |   1.9 |   0.0 |   0.0 |   1.6 | 56419.0
       Gehenna |   7.2 |   7.3 |   2.0 |   0.0 |   7.1 | 35975.7
       Cocytus |   4.3 |   4.2 |   6.8 |   0.0 |   5.1 | 26148.4
      Tartarus |   4.0 |   3.9 |   6.1 |   0.0 |   6.2 | 36452.2
           Zot |   3.2 |   3.1 |   9.5 |   0.0 |   9.3 | 66000.0
   Pandemonium |   9.5 |   9.6 |   8.1 |   0.0 |  13.0 | 38564.8
      Ziggurat |   8.2 |   8.0 |  16.9 |   0.0 |  12.5 | 22296.3
       Ossuary |   0.2 |   0.2 |   0.0 |   0.0 |   0.0 | 280.0
               +-------+-------+-------+-------+-------+----------------------
